 Dungeon Crawl Stone Soup version 0.15-a0-1909-gd9acbb9 (webtiles) character file.

18246 Kenran the Bludgeoner (level 12, -2/81 HPs)
             Began as a Gargoyle Fighter on July 5, 2014.
             Was the Champion of Okawaru.
             Slain by a dire elephant (8 damage)
             ... on Level 3 of the Lair of Beasts on July 6, 2014.
             The game lasted 00:49:59 (13911 turns).

Kenran the Bludgeoner (Gargoyle Fighter)           Turns: 13911, Time: 00:49:59

HP  -2/81        AC 21     Str 24      XL: 12   Next: 56%
MP  12/12        EV  9     Int  9      God: Okawaru [******]
Gold 834         SH  0     Dex 15      Spells:  0 memorised, 11 levels left

rFire  . . .     SeeInvis .     z - +9 great mace "Dragon's Tongue" {crush, +Inv Dex+3 Stlth++}
rCold  . . .     Clarity  .     b - +1 scale mail
rNeg   + . .     rCorr    .     (no shield)
rPois  +         rRot     +     B - +1 hat
rElec  +         Spirit   .     C - +0 cloak
SustAb .         Warding  .     n - +2 pair of gloves of Skaish {+Blink +Inv Str+2}
rMut   .         Stasis   .     (no boots)
Gourm  +                        A - amulet of the gourmand
MR     .....                    (no ring)
                                (no ring)

@: about to teleport, not resistant to hostile enchantments, very unstealthy
A: negative energy resistance 1, electricity resistance, unbreathing,
petrification resistance, rot immunity, AC +8
a: Heroism, Finesse, Renounce Religion, Evoke Blink, Evoke Invisibility


You were on level 3 of the Lair of Beasts.
You worshipped Okawaru.
Okawaru was exalted by your worship.
You were hungry.

You visited 2 branches of the dungeon, and saw 12 of its levels.

You collected 834 gold pieces.

Inventory:

Hand weapons
 r - a +4 whip of electrocution
 z - the +9 great mace "Dragon's Tongue" (weapon) {crush, +Inv Dex+3 Stlth++}
   (Okawaru gifted it to you on level 8 of the Dungeon)

   It inflicts extra damage upon your enemies.
   It affects your dexterity (+3).
   It lets you turn invisible.
   It makes you much more stealthy.
Armour
 b - a +1 scale mail (worn)
 n - the +2 pair of gloves of Skaish (worn) {+Blink +Inv Str+2}
   (You acquired it on level 3 of the Lair of Beasts)

   It affects your strength (+2).
   It lets you turn invisible.
   It lets you blink.
 B - a +1 hat (worn)
 C - a +0 cloak (worn)
Magical devices
 c - a wand of frost (10) {unknown}
 x - a wand of draining (5)
 y - a wand of fire (5)
 E - a wand of lightning (3) {unknown}
Comestibles
 d - 14 bread rations
 k - 8 meat rations
 F - 70 fruits
 H - a beef jerky
Scrolls
 f - 8 scrolls of remove curse
 g - 4 scrolls of identify
 p - a scroll of enchant armour
 s - a scroll of brand weapon
Jewellery
 A - an amulet of the gourmand (around neck)
Potions
 a - a potion of poison {unknown}
 e - 2 potions of might
 h - 2 potions of berserk rage {unknown}
 i - a potion of invisibility {unknown}
 j - a potion of restore abilities {unknown}
 l - 2 potions of flight
 m - 3 potions of paralysis {unknown}
 o - 2 potions of confusion {unknown}
 q - a potion of brilliance {unknown}
 t - 3 potions of agility {unknown}
 u - a potion of curing
 v - a potion of magic {unknown}
 w - a potion of mutation {unknown}
 G - a potion of haste {unknown}


   Skills:
 - Level 12.3 Fighting
 * Level 16.2 Maces & Flails
 - Level 3.2 Armour
   Level 3.2 Shields


You had 11 spell levels left.
You didn't know any spells.

Dungeon Overview and Level Annotations

Branches:
Dungeon (9/15)             Temple (0/1) D:7            Lair (3/8) D:8
    Orc: D:9-12       Swamp: Lair:3-6    Shoals: Lair:3-6     Snake: Lair:3-6
 Spider: Lair:3-6

Altars:
Cheibriados
Dithmenos
Fedhas
Nemelex Xobeh
Okawaru
Qazlal
Vehumet
Xom
Yredelemnul
Zin
The Shining One

Shops:
D:5 [   D:7 !%??!


Innate Abilities, Weirdness & Mutations

You are resistant to torment.
You are immune to poison.
Your stone body is very resilient (AC +8).
You resist negative energy.
You are resistant to electric shocks.
You can survive without breathing.
You are immune to petrification.
You are immune to rotting.


Message History

Use which ability? (? or * to list)
Okay, then.
Read which item? (? for menu, Esc to quit)
Okay, then.
Use which ability? (? or * to list)
You fail to use your ability.
You are engulfed in a cloud of scalding steam.
The dire elephant tramples you but does no damage.
The dire elephant trunk-slaps you.
* * * LOW HITPOINT WARNING * * *
The lindwurm bites you.
* * * LOW HITPOINT WARNING * * *
The lindwurm claws you but does no damage.
The lindwurm barely misses you.
Use which ability? (? or * to list)
You fail to use your ability.
You are engulfed in a cloud of scalding steam.
The dire elephant tramples you but does no damage.
The dire elephant trunk-slaps you!
You die...

##### #################
#≈≈≈###≈≈≈≈##≈≈k≈≈≈≈.$#
#≈≈≈##≈≈≈≈≈≈##@Y#≈≈..|#
#≈≈≈≈≈≈≈##≈≈≈#≈≈##≈..$#
#≈≈≈≈≈≈####≈≈≈≈## ≈≈.|#
#P≈##### ###### ####
#≈##
♣≈♣♣♣#♣##♣♣♣♣##♣#♣##
♣≈≈≈≈≈≈≈♣≈≈♣♣≈≈≈≈≈.♣♣♣
####
♣≈≈≈≈≈≈≈≈≈≈≈≈≈≈≈≈P...♣♣
#...
♣♣≈≈≈≈≈≈≈≈≈≈≈P≈≈≈≈≈...♣
####...


You could see a dire elephant and a lindwurm.

Vanquished Creatures
  Gastronok (D:8)
  Erica (Lair:1)
  Pikel (D:8)
  A hill giant (D:8)
  A griffon (D:8)
  A cyclops (D:8)
  2 black mambas (Lair:1)
  4 spiny frogs
  3 komodo dragons
  A burning bush (Lair:1)
  2 polar bears (Lair:2)
  The ghost of donnie the Scratcher, an average FeBe of Trog (D:6)
  A deep elf mage (D:8)
  2 spriggans
  A wyvern (D:7)
  Eustachio (D:8)
  3 hippogriffs
  A shark (Lair:3)
  15 yaks
  8 wolves
  Edmund (D:8)
  5 water moccasins
  2 phantoms (D:5)
  6 porcupines
  2 orc warriors
  2 sky beasts
  5 ogres
  A slave (D:8)
  3 black bears
  3 ice beasts
  Sigmund (D:4)
  Duvessa (D:6)
  5 crocodiles
  A centaur (D:8)
  5 giant frogs
  A big kobold (D:8)
  A brain worm (D:8)
  A gnoll sergeant (D:6)
  4 scorpions
  An eye of draining (D:8)
  A hippogriff zombie (D:5)
  A killer bee (D:8)
  2 jellies (D:7)
  6 electric eels
  4 orc priests
  Dowan (D:6)
  7 crimson imps
  3 goliath beetles
  A yak skeleton (D:6)
  12 wights
  A giant frog zombie (D:6)
  5 hounds
  A yellow wasp zombie (D:7)
  7 iguanas
  A quasit (D:8)
  6 orc wizards
  10 worker ants
  A killer bee zombie (D:5)
  A sky beast zombie (D:5)
  An ogre skeleton (D:8)
  Terence (D:2)
  7 gnolls
  23 green rats
  22 adders
  2 orc skeletons
  2 shadow imps
  2 worms
  A giant mite (D:3)
  3 ufetubi (D:8)
  An adder zombie (D:5)
  2 orc zombies
  5 giant geckos
  38 orcs
  10 giant cockroaches
  17 goblins
  16 hobgoblins
  24 kobolds
  13 quokkas
  4 ball pythons
  14 bats
  6 giant newts
  2 hobgoblin skeletons
  14 jackals
  A kobold zombie (D:8)
  2 quokka skeletons
  20 rats
  A rat zombie (D:8)
  A bush (Lair:2)
  2 fungi
  A plant (Lair:3)
431 creatures vanquished.

Vanquished Creatures (others)
  A giant cockroach (D:8)
  A goblin (D:8)
  10 toadstools (Lair:3)
12 creatures vanquished.

Grand Total: 443 creatures vanquished

Notes
Turn   | Place    | Note
--------------------------------------------------------------
     0 | D:1      | Kenran, the Gargoyle Fighter, began the quest for the Orb.
     0 | D:1      | Reached XP level 1. HP: 14/14 MP: 1/1
    92 | D:1      | Reached XP level 2. HP: 19/19 MP: 2/2
   226 | D:1      | Found an iron altar of Okawaru.
   236 | D:1      | Became a worshipper of Warmaster Okawaru
   771 | D:2      | Reached XP level 3. HP: 9/23 MP: 3/3
  1146 | D:2      | Reached skill level 4 in Maces & Flails
  1155 | D:2      | Upgraded the game from 0.15-a0-1880-g53e602b to 0.15-a0-1909-gd9acbb9
  1263 | D:2      | Noticed Terence
  1275 | D:2      | Killed Terence
  1275 | D:2      | Reached XP level 4. HP: 26/28 MP: 4/4
  1747 | D:3      | Reached skill level 5 in Maces & Flails
  1747 | D:3      | Reached XP level 5. HP: 30/32 MP: 5/5
  1857 | D:3      | Found a shimmering altar of Xom.
  2242 | D:3      | Acquired Okawaru's first power
  2242 | D:3      | Reached skill level 6 in Maces & Flails
  2325 | D:3      | Reached XP level 6. HP: 37/37 MP: 6/6
  2861 | D:4      | Reached skill level 7 in Maces & Flails
  3000 | D:4      | Reached XP level 7. HP: 33/41 MP: 7/7
  3079 | D:4      | Noticed Sigmund
  3213 | D:4      | Killed Sigmund
  3437 | D:4      | Reached skill level 8 in Maces & Flails
  3943 | D:4      | Reached skill level 9 in Maces & Flails
  3943 | D:4      | Reached XP level 8. HP: 40/46 MP: 8/8
  4007 | D:5      | Entered Level 5 of the Dungeon
  4073 | D:5      | Found a shadowy altar of Dithmenos.
  4410 | D:5      | Reached skill level 10 in Maces & Flails
  4784 | D:5      | Found a radiant altar of Vehumet.
  4789 | D:5      | Found a sparkling altar of Nemelex Xobeh.
  4789 | D:5      | Found a snail-covered altar of Cheibriados.
  4817 | D:5      | Found Ulilaprawna's Antique Armour Boutique.
  4856 | D:5      | Reached skill level 11 in Maces & Flails
  4856 | D:5      | Reached XP level 9. HP: 24/51 MP: 9/9
  5752 | D:6      | Noticed Duvessa
  5768 | D:6      | Noticed Dowan
  5773 | D:6      | Killed Duvessa
  5773 | D:6      | Reached skill level 12 in Maces & Flails
  5796 | D:6      | Killed Dowan
  6588 | D:6      | Noticed donnie's ghost (average FeBe)
  6609 | D:6      | Killed donnie's ghost
  7332 | D:7      | Reached skill level 13 in Maces & Flails
  7387 | D:7      | Reached XP level 10. HP: 52/58 MP: 10/10
  7394 | D:7      | Found a staircase to the Ecumenical Temple.
  7412 | D:7      | Reached skill level 5 in Fighting
  7814 | D:7      | Found Pryczeq's Distillery.
  7819 | D:7      | Found Wauf's Magic Scroll Emporium.
  7832 | D:7      | Found Jigosto's Food Boutique.
  7927 | D:7      | Found Bidimaf's Distillery.
  8036 | D:7      | Found Vouly's Magic Scroll Emporium.
  8493 | D:8      | Noticed Gastronok
  8568 | D:8      | HP: 3/64 [Gastronok (29)]
  8789 | D:8      | Noticed Edmund
  8813 | D:8      | Killed Edmund
  8943 | D:8      | Acquired Okawaru's second power
  8949 | D:8      | Noticed a cyclops
  9020 | D:8      | Noticed Eustachio
  9148 | D:9      | Noticed Pikel
  9167 | D:8      | Killed Pikel
  9199 | D:8      | Killed Eustachio
  9600 | D:8      | Killed Gastronok
  9600 | D:8      | Received a gift from Okawaru
  9600 | D:8      | Reached XP level 11. HP: 32/74 MP: 11/11
  9784 | D:8      | Killed a cyclops
  9961 | D:8      | Noticed a griffon
  9961 | D:8      | Noticed a hill giant
  9967 | D:8      | Killed a hill giant
  9984 | D:8      | Killed a griffon
 10185 | D:8      | Found a staircase to the Lair.
 10222 | D:8      | Found a glowing silver altar of Zin.
 10225 | D:8      | Found a glowing golden altar of the Shining One.
 10228 | D:8      | Found a blossoming altar of Fedhas.
 10229 | D:8      | Found a basalt altar of Yredelemnul.
 10306 | D:8      | Got a polished great mace {god gift}
 10318 | D:8      | Identified the +9 great mace "Dragon's Tongue" {crush, +Inv Dex+3 Stlth++} (Okawaru gifted it to you on level 8 of the Dungeon)
 10624 | D:8      | Found a stormy altar of Qazlal.
 10657 | Lair:1   | Entered Level 1 of the Lair of Beasts
 10989 | Lair:1   | Received a gift from Okawaru
 11313 | Lair:1   | Reached skill level 14 in Maces & Flails
 11327 | Lair:1   | Received a gift from Okawaru
 11603 | Lair:1   | Noticed Erica
 11608 | Lair:1   | Killed Erica
 11919 | Lair:1   | Reached XP level 12. HP: 54/81 MP: 12/12
 12203 | Lair:2   | Reached skill level 15 in Maces & Flails
 13317 | Lair:3   | Identified a scroll of acquirement
 13320 | Lair:3   | Got a pair of ichor-stained gloves
 13321 | Lair:3   | Identified the +2 pair of gloves of Skaish {+Blink +Inv Str+2} (You acquired it on level 3 of the Lair of Beasts)
 13622 | Lair:3   | Received a gift from Okawaru
 13622 | Lair:3   | Reached skill level 16 in Maces & Flails
 13905 | Lair:3   | Noticed a dire elephant
 13911 | Lair:3   | Slain by a dire elephant

Action                   |  1- 3 |  4- 6 |  7- 9 | 10-12 || total
-------------------------+-------+-------+-------+-------++-------
Melee: Flail             |   133 |   272 |    29 |       ||   434
       Mace              |       |       |   595 |   291 ||   886
       Whip              |       |       |       |   155 ||   155
       Great mace        |       |       |       |   258 ||   258
Evoke: Wand              |       |       |       |     2 ||     2
  Use: Scroll            |     2 |     5 |     6 |    12 ||    25
       Potion            |     2 |       |     1 |     3 ||     6
 Stab: Sleeping          |       |       |       |     1 ||     1
       Distracted        |       |       |       |     1 ||     1
  Eat: Pizza             |       |     1 |     1 |     1 ||     3
       Chunk             |       |     2 |     5 |       ||     7
       Beef jerky        |       |     1 |     2 |     3 ||     6
       Fruit             |       |       |     3 |     8 ||    11
       Meat ration       |       |       |     1 |     1 ||     2
       Royal jelly       |       |       |     1 |       ||     1
